AoeStats
← killnooby

Arena

508557337Analyzed
2v2 RM · 10d ago on Sep 23, 2026· 42m 26s· 4 players
Game mode
Random Map
Map size
Medium (4 player)
Population
200
Speed
Normal
Resources
Standard
Victory
Conquest
Starting age
Dark Age
Ending age
Imperial Age
RankedLock teamsTeams togetherTeam positionsShared explorationLock speedFull tech treeHidden civsTurbo modeCheats
Victory
Defeat
🇺🇸 Danes · United States
1435
+19
🇺🇸 Wei · United States
1285
+25
🇩🇪 Danes · Germany
1596
-25
🇨🇦 Bohemians · Canada
1408
-19
garretc16
11:52 Feudal Age
16:34 Castle Age
15:56 Double-Bit Axe
16:23 Horse Collar
17:43 Bow Saw
19:24 Chemistry
18:29 Loom
18:33 Town Watch
19:40 Loom
26:59 Wheelbarrow
31:17 Pikeman
32:42 Scale Mail Armor
33:25 Squires
36:28 Hand Cart
37:31 Careening
37:15 Fletching
38:02 Bodkin Arrow
Willox
10:01 Feudal Age
14:26 Castle Age
12:46 Double-Bit Axe
13:20 Horse Collar
16:05 Gold Mining
16:27 Bow Saw
18:12 Arson
20:25 Loom
21:14 Forging
21:33 Squires
22:03 Scale Mail Armor
23:49 Chain Mail Armor
25:35 Iron Casting
31:45 Wheelbarrow
35:03 Imperial Age
36:23 Conscription
37:27 Plate Mail Armor
38:48 Blast Furnace
Freestyle98
10:24 Feudal Age
12:16 Double-Bit Axe
13:31 Loom
16:03 Castle Age
14:37 Stone Mining
14:36 Horse Collar
15:43 Gold Mining
17:11 Bow Saw
24:17 Forging
26:28 Scale Mail Armor
29:06 Chain Mail Armor
33:44 Iron Casting
38:29 Wheelbarrow
killnooby
10:56 Feudal Age
16:36 Castle Age
14:44 Double-Bit Axe
15:04 Horse Collar
16:07 Stone Mining
19:19 Gold Mining
20:08 Wheelbarrow
19:50 Forging
19:46 Scale Barding Armor
19:57 Bow Saw
23:44 Loom
31:49 Hand Cart
33:45 Iron Casting
35:55 Chain Barding Armor
40:24 Imperial Age
39:22 Gold Shaft Mining
41:42 Pikeman
Connection lost

Rejoining the realm…

Still unreachable

The connection could not be restored.

Session expired

The server has moved on; the page needs a fresh start.